 Dungeon Crawl Stone Soup version 0.26.1-11-gd32895ea62 (webtiles) character file.

Game seed: 6833349076232157136

144 Zeld the Chiller (level 5, -3/41 HPs)
             Began as a Draconian Ice Elementalist on June 7, 2021.
             Slain by a river rat (8 damage)
             ... in a sewer.
             The game lasted 00:03:28 (2376 turns).

Zeld the Chiller (Draconian Ice Elementalist)       Turns: 2376, Time: 00:03:29

Health: -3/41      AC:  6    Str: 10    XL:     5   Next: 5%
Magic:  1/9        EV: 12    Int: 16    God:
Gold:   140        SH:  0    Dex: 12    Spells: 3/10 levels left

rFire    . . .     SeeInvis .   (no weapon)
rCold    . . .     Faith    .   (no shield)
rNeg     . . .     Spirit   .   (armour unavailable)
rPois    .         Reflect  .   (helmet restricted)
rElec    .         Harm     .   (no cloak)
rCorr    .         Rampage  .   i - +0 pair of gloves
Will     .....                  (no boots)
Stlth    ++........             (no amulet)
HPRegen  0.13/turn              (no ring)
MPRegen  0.11/turn              (no ring)

@: no status effects
A: unfitting armour, cold-blooded, AC +5
a: no special abilities


You were in a sewer.
You visited 1 branch of the dungeon, and saw 3 of its levels.
You also visited: Sewer.

You collected 140 gold pieces.

Inventory:

Armour
 i - a +0 pair of gloves (worn)
Jewellery
 c - a +4 ring of protection {unknown}
 l - an uncursed ring of poison resistance {unknown}
Scrolls
 a - 2 scrolls of fog {unknown}
 d - a scroll of remove curse {unknown}
 e - 2 scrolls of amnesia {unknown}
 j - a scroll of teleportation {unknown}
 m - a scroll of immolation {unknown}
 p - a scroll of identify {unknown}
Potions
 b - a potion of resistance {unknown}
 f - a potion of heal wounds {unknown}
 g - a potion of might {unknown}
 h - a potion of haste {unknown}
 k - 3 potions of curing {unknown}
 n - a potion of degeneration {unknown}
 o - a potion of magic {unknown}


   Skills:
 + Level 1.7 Fighting
 + Level 2.5 Dodging
 - Level 1.7 Stealth
 * Level 3.2 Spellcasting
 * Level 4.9 Ice Magic


You had 3 spell levels left.
You knew the following spells:

 Your Spells              Type           Power        Failure   Level
a - Freeze                Ice            72%          2%          1
b - Frozen Ramparts       Ice            36%          7%          3
c - Ozocubu's Armour      Ice            18%          7%          3

Your spell library contained the following spells:

 Spells                   Type           Power        Failure   Level
 Hailstorm                Conj/Ice       10%          54%         4
 Summon Ice Beast         Ice/Summ       10%          54%         4


Dungeon Overview and Level Annotations

Branches:
Dungeon (3/15)              Sewer (1/1)

Altars:
Ashenzari


Innate Abilities, Weirdness & Mutations

Your plain brown scales are hard. (AC +5)
You cannot fit into any form of body armour.
You are cold-blooded and may be slowed by cold attacks.


Message History

The frilled lizard hisses angrily.
You enter the shallow water.
Moving in this stuff is going to be slow. 2 rats come into view.
The ball python hisses angrily.
A river rat comes into view. x2
The river rat bites you but does no damage.
A rat comes into view. x2
The ball python bites you.
* * * LOW HITPOINT WARNING * * *
The ball python grabs you. The ball python constricts you.
The frilled lizard completely misses you.
You escape the ball python's grasp. 2 rats and a river rat come into view.
The ball python barely misses you. The ball python grabs you.
The ball python constricts you.
You escape the ball python's grasp.
The ball python hisses angrily.
The river rat bites you!
You die...

#..≈≈≈≈.......# #.
#..≈≈≈....††.# ...
##..≈≈≈......#
...##...≈≈.......####
#...r...≈≈......###∩#
#.rrr..≈≈......###.#
#..r..Sl≈.......#..#
#..r...r≈.........##
#.....@≈≈........##
#.......≈≈.......##
#.......≈≈≈......#
rr.#.S..≈≈≈≈......#
.. ##..≈≈≈≈≈......# r
#..≈≈≈≈≈....#..
...≈≈≈≈≈...###.#
....≈≈≈≈≈... ∩#


You could see 4 river rats, 2 ball pythons, a frilled lizard and 6 rats.

Vanquished Creatures
  Terence (D:2)
  5 adders
  A river rat (Sewer)
  A worm (D:2)
  3 dart slugs
  3 leopard geckos (D:3)
  2 ball pythons
  3 bats
  11 giant cockroaches
  4 goblins
  3 hobgoblins
  2 jackals (D:2)
  4 frilled lizards
  3 kobolds
  6 rats
52 creatures vanquished.

Notes
Turn   | Place    | Note
-------+----------+-------------------------------------------
     0 | D:1      | Zeld the Draconian Ice Elementalist began the quest for the
                  | Orb.
     0 | D:1      | Reached XP level 1. HP: 14/14 MP: 3/3
   228 | D:1      | Reached XP level 2. HP: 22/22 MP: 3/5
   430 | D:1      | Found a broken altar of Ashenzari.
  1142 | D:2      | Reached XP level 3. HP: 21/27 MP: 0/6
  1146 | D:2      | Learned a level 3 spell: Frozen Ramparts
  1150 | D:2      | Learned a level 3 spell: Ozocubu's Armour
  1289 | D:2      | Reached skill level 1 in Fighting
  1533 | D:2      | Noticed Terence
  1614 | D:2      | Killed Terence
  1615 | D:2      | Reached XP level 4. HP: 29/35 MP: 1/8
  2186 | D:3      | Found a glowing drain.
  2335 | Sewer    | Entered a sewer
  2352 | Sewer    | Reached XP level 5. HP: 31/41 MP: 4/9
  2376 | Sewer    | Slain by a river rat

Illustrated notes

Levels and vault maps discovered:
D:1:      ncdulo_lavacross, layout_basic, serial_park_tiny_pond,
          kennysheep_nondescript, st_stairs_11, nicolae_ashenzari_panopticon
D:2:      layout_rooms, uniq_terence
D:3:      layout_rooms, gup_sewer_entry_pipe
Sewer:    sewer_minmay_treatment

Skill      XL: |  1  2  3  4 |
---------------+-------------+-----
Dodging        | 2 |  2.5
Fighting       | 1 |  1.7
Spellcasting   | 3 |  3.2
Stealth        | |  1.7
Ice Magic      | |  4.9

Action                   |  1- 3 |  4- 6 || total
-------------------------+-------+-------++-------
Melee: Unarmed           |    16 |    46 ||    62
       Tailslap          |     2 |     2 ||     4
 Cast: Freeze            |    42 |    39 ||    81
       Frozen Ramparts   |     2 |     1 ||     3
       Ozocubu's Armour  |       |     1 ||     1
Armor: Skin              |     9 |    15 ||    24
Dodge: Dodged            |    49 |    55 ||   104
